 Dungeon Crawl Stone Soup version 0.27.1-34-g3ba077fa99 (webtiles) character file.

Game seed: 9852803528203371432

2431 Chinely the Destroyer (level 9, -2/50 HPs)
             Began as a Deep Elf Conjurer on Jan 20, 2022.
             Was a Believer of Vehumet.
             Shot with an arrow by a centaur (6 damage)
             ... on level 6 of the Dungeon.
             The game lasted 01:01:06 (9668 turns).

Chinely the Destroyer (Deep Elf Conjurer)           Turns: 9668, Time: 01:01:07

Health: -2/50      AC:  3    Str:  4    XL:     9   Next: 24%
Magic:  16/20      EV: 12    Int: 27    God:    Vehumet [**....]
Gold:   216        SH:  7    Dex: 13    Spells: 15/20 levels left

rFire    + . .     SeeInvis .   f - staff of fire
rCold    . . .     Faith    .   g - +2 buckler
rNeg     . . .     Spirit   .   o - +0 robe
rPois    .         Reflect  .   (no helmet)
rElec    .         Harm     .   (no cloak)
rCorr    .         Rampage  .   w - +0 pair of gloves
Will     .....                  (no boots)
Stlth    +++.......             n - amulet of regeneration
HPRegen  1.16/turn              (no ring)
MPRegen  0.17/turn              (no ring)

@: no status effects
A: no striking features
a: Renounce Religion


You were on level 6 of the Dungeon.
You worshipped Vehumet.
Vehumet was pleased with you.
You visited 2 branches of the dungeon, and saw 7 of its levels.
You also visited: Sewer.

You collected 216 gold pieces.

Inventory:

Hand Weapons
 E - a +1 short sword of holy wrath
Armour
 g - a +2 buckler (worn)
 o - a +0 robe (worn)
 w - a +0 pair of gloves (worn)
Magical Staves
 f - a staff of fire (weapon)
Jewellery
 n - an amulet of regeneration (around neck)
Wands
 m - a wand of digging (2)
 q - a wand of mindburst (10)
Scrolls
 a - a scroll of enchant weapon
 b - a scroll of fear
 c - a scroll of vulnerability {unknown}
 e - 3 scrolls of identify
 h - a scroll of noise
 i - 9 scrolls of teleportation
 l - a scroll of immolation {unknown}
 p - a scroll of torment {unknown}
 r - a scroll of magic mapping {unknown}
 s - a scroll of fog {unknown}
 t - a scroll of amnesia {unknown}
 x - a scroll of enchant armour {unknown}
 y - a scroll of blinking {unknown}
Potions
 d - 4 potions of cancellation {unknown}
 j - 5 potions of curing {unknown}
 k - 2 potions of degeneration {unknown}
 u - a potion of magic {unknown}
 v - a potion of attraction {unknown}
 z - a potion of haste {unknown}
 A - a potion of experience {unknown}
 B - 2 potions of heal wounds {unknown}
 C - 2 potions of invisibility {unknown}
 D - a potion of resistance {unknown}
 F - 2 potions of mutation {unknown}


   Skills:
 - Level 3.0 Fighting
 + Level 5.0 Staves
 - Level 2.8 Dodging
 - Level 5.0 Stealth
 - Level 4.0 Shields
 + Level 6.4 Spellcasting
 - Level 8.0 Conjurations
 + Level 2.2 Poison Magic
 + Level 3.7 Evocations


You had 15 spell levels left.
You knew the following spells:

 Your Spells              Type           Power      Damage    Failure   Level
a - Magic Dart            Conj           100%       1d8       1%          1
b - Searing Ray           Conj           100%       3d7       1%          2
c - Poisonous Vapours     Pois/Air       28%        N/A       6%          2

Your spell library contained the following spells:

 Spells                   Type           Power      Damage    Failure   Level
 Frozen Ramparts          Ice            16%        1d3       19%         3
 Dazzling Flash           Conj/Hex       60%        N/A       3%          3
 Sting                    Tmut/Pois      56%        1d5       4%          1
 Fulminant Prism          Conj/Hex       15%        3d11      12%         4
 Iskenderun's Mystic Bla  Conj/Tloc      30%        2d8       12%         4
 Olgreb's Toxic Radiance  Pois           20%        N/A       24%         4


Dungeon Overview and Level Annotations

Branches:
Dungeon (6/15)             Temple (1/1) D:4           Sewer (visited)

Altars:
Cheibriados
Dithmenos
Elyvilon
Fedhas
Gozag
Hepliaklqana
Kikubaaqudgha
Makhleb
Okawaru
Qazlal
Uskayaw
Vehumet
Wu Jian
Xom
The Shining One

Shops:
D:4 :   D:5 =

Annotations:
D:3 exclusion: downstairs


Message History

Press: ? - help, Dir - move target, f/p - centaur
Aim: a centaur, wielding a +0 shortbow and quivering arrows (lightly wounded, poisoned) Poisonous vapours surround the centaur!
The centaur looks even sicker.
The centaur shoots an arrow.
The arrow hits you!
Casting: Poisonous Vapours (safe; 6% risk of failure)
Confirm with . or Enter, or press ? or * to list all spells.
Aiming: Poisonous Vapours (safe; 6% risk of failure)
Press: ? - help, Dir - move target, f/p - centaur
Aim: a centaur, wielding a +0 shortbow and quivering arrows (lightly wounded, very poisoned) Poisonous vapours surround the centaur!
The centaur looks even sicker.
The centaur shoots an arrow.
The arrow hits you!
A centaur comes into view.
The centaur shoots an arrow.
The arrow closely misses you.
The centaur shouts!
You start resting.
HP restored.
You start resting.
Magic restored.
The centaur wields a +0 shortbow.
The centaur shoots an arrow.
The arrow hits you!
The centaur shoots an arrow.
The arrow hits you.
Casting: Poisonous Vapours (safe; 6% risk of failure)
Confirm with . or Enter, or press ? or * to list all spells.
Aiming: Poisonous Vapours (safe; 6% risk of failure)
Press: ? - help, Dir - move target, f/p - centaur
Aim: a centaur, wielding a +0 shortbow and quivering arrows (heavily wounded) Poisonous vapours surround the centaur!
The centaur is poisoned.
The centaur shoots an arrow.
The arrow hits you.
The centaur shoots an arrow.
The arrow barely misses you.
The centaur shoots an arrow.
The arrow hits you!
The centaur shoots an arrow.
The arrow hits you!
* * * LOW HITPOINT WARNING * * *
Casting: Poisonous Vapours (safe; 6% risk of failure)
Confirm with . or Enter, or press ? or * to list all spells.
Aiming: Poisonous Vapours (safe; 6% risk of failure)
Press: ? - help, Dir - move target, f/p - centaur
Aim: a centaur, wielding a +0 shortbow and quivering arrows (severely wounded, poisoned) Poisonous vapours surround the centaur!
The centaur looks even sicker.
The centaur shoots an arrow.
The arrow hits you!
* * * LOW HITPOINT WARNING * * *
The centaur shoots an arrow.
The arrow hits you.
You die...

#.#.#...........##
..#.#..###........
###.............#####
....#...(....#.# ... .
###.##.......#.##.##..
. ######..#........ #
#.......#
#########....#..####.#
.......##.####..@....#
.......#........####)#
.......≈≈≈≈≈≈##.#
..)..≈≈≈≈≈≈≈≈ ≈≈#
.###≈≈≈≈≈..≈ ≈≈≈≈ >#
≈≈≈≈≈)####c≈≈≈≈
#≈≈≈≈≈≈≈. ##c≈≈≈
≈≈≈≈≈≈≈≈. #..≈≈≈
≈≈≈≈≈≈≈c. ...≈≈≈


You could see 2 centaurs.

Vanquished Creatures
  Grinder (D:3)
  An orc warrior (D:5)
  A necrophage (D:5)
  2 ogres (D:5)
  A phantom (D:6)
  6 centaurs
  A bullfrog (D:6)
  3 scorpions
  4 wights (D:6)
  A howler monkey (D:6)
  A hound (D:5)
  2 bullfrog skeletons
  2 jellies
  3 orc priests
  5 iguanas
  5 orc wizards
  A scorpion zombie (D:5)
  7 gnolls
  13 adders
  4 river rats (Sewer)
  A shadow imp (D:5)
  An ufetubus (D:6)
  An adder skeleton (D:4)
  3 worms (D:2)
  13 orcs
  16 ball pythons
  7 endoplasms
  7 giant cockroaches
  5 goblins
  5 hobgoblins
  7 jackals
  20 kobolds
  7 quokkas
  6 bats
  5 frilled lizards
  29 rats
197 creatures vanquished.

Vanquished Creatures (others)
  4 toadstools (D:1)
4 creatures vanquished.

Grand Total: 201 creatures vanquished

Notes
Turn   | Place    | Note
-------+----------+-------------------------------------------
     0 | D:1      | Chinely the Deep Elf Conjurer began the quest for the Orb.
     0 | D:1      | Reached XP level 1. HP: 10/10 MP: 6/6
   249 | D:1      | Reached XP level 2. HP: 16/16 MP: 5/8
   452 | D:1      | Found a faded altar of an unknown god.
   795 | D:1      | Reached XP level 3. HP: 20/20 MP: 6/9
  1446 | D:2      | Learned a level 2 spell: Searing Ray
  1818 | D:2      | Reached skill level 1 in Fighting
  1818 | D:2      | Reached XP level 4. HP: 25/25 MP: 4/11
  1968 | D:2      | Reached skill level 1 in Staves
  2066 | D:2      | Reached skill level 1 in Shields
  2354 | D:2      | Reached XP level 5. HP: 29/29 MP: 8/12
  2577 | D:3      | Reached skill level 5 in Conjurations
  3019 | D:3      | Noticed Grinder
  3024 | D:3      | Paralysed by Grinder for 7 turns
  3040 | D:3      | Killed Grinder
  3041 | D:3      | Reached XP level 6. HP: 18/35 MP: 1/14
  3937 | D:4      | Noticed an orc warrior
  4028 | D:4      | Found a staircase to the Ecumenical Temple.
  4457 | D:4      | Reached XP level 7. HP: 40/40 MP: 5/15
  4651 | D:4      | Found a burning altar of Makhleb.
  4835 | D:4      | Found a blossoming altar of Fedhas.
  4836 | D:4      | Found a hide-covered altar of Uskayaw.
  5093 | D:4      | Found Huhoecy's Self-Improvement Boutique.
  5128 | D:4      | Found a shadowy altar of Dithmenos.
  5301 | Temple   | Entered the Ecumenical Temple
  5359 | Temple   | Became a worshipper of Vehumet
  5662 | D:5      | Entered Level 5 of the Dungeon
  5673 | D:5      | Reached skill level 5 in Stealth
  5803 | D:5      | Reached skill level 6 in Conjurations
  6166 | D:5      | Found a stormy altar of Qazlal.
  6181 | D:5      | Reached XP level 8. HP: 46/46 MP: 7/16
  6548 | D:5      | Found Giporiedo's Jewellery Shop.
  6556 | D:5      | Reached skill level 1 in Evocations
  6809 | D:5      | Reached * piety under Vehumet
  6809 | D:5      | Offered knowledge of Sandblast by Vehumet.
  7335 | D:6      | Reached skill level 7 in Conjurations
  7425 | D:6      | Reached skill level 5 in Spellcasting
  7552 | D:6      | Found a glowing drain.
  7608 | Sewer    | Entered a sewer
  7936 | Sewer    | Reached ** piety under Vehumet
  7937 | Sewer    | Offered knowledge of Freeze by Vehumet.
  8596 | D:6      | Learned a level 2 spell: Poisonous Vapours
  8911 | D:6      | Reached XP level 9. HP: 27/50 MP: 12/19
  8943 | D:6      | Offered knowledge of Frozen Ramparts by Vehumet.
  8944 | D:6      | Reached skill level 8 in Conjurations
  8944 | D:6      | Reached skill level 1 in Poison Magic
  9489 | D:6      | Reached skill level 5 in Staves
  9668 | D:6      | Shot with an arrow by a centaur

Illustrated notes

Levels and vault maps discovered:
D:1:      ldierk_walled_garden_2, layout_basic,
          dreamdust_ecumenical_altar_angels_and_demons, minmay_3d_cube
D:2:      layout_rooms, minivault_26, minmay_snake_closets
D:3:      layout_basic, uniq_grinder
D:4:      layout_rooms, marbit_many_paths, mainiacjoe_overflow_catwalk_spiral,
          bloody_makhleb, minmay_temple_entry_sparse_star,
          chequers_serial_rivers_large_a, nicolae_shop_self_help
D:5:      layout_loops_corners, grunt_qazlal_clouds, serial_shops, shop,
          minmay_misc_feat_roman
D:6:      layout_basic, portal_sewer_entry_a, centaur_isle
Temple:   zaba_magenta_temple

Skill      XL: |  1  2  3  4  5  6  7  8  9 |
---------------+----------------------------+-----
Stealth        | 3 4 5 |  5.0
Fighting       | 1 2 3 |  3.0
Staves         | 1 2 3 4 5 |  5.0
Shields        | 1 2 4 |  4.0
Spellcasting   | 4 5 6 |  6.4
Conjurations   | 5 6 7 8 |  8.0
Evocations     | 2 3 |  3.7
Poison Magic   | 2 |  2.2
Dodging        | |  2.8

Action                   |  1- 3 |  4- 6 |  7- 9 || total
-------------------------+-------+-------+-------++-------
Melee: Staff             |     4 |    20 |     7 ||    31
 Cast: Magic Dart        |    83 |    90 |   138 ||   311
       Searing Ray       |     2 |    18 |    56 ||    76
       Poisonous Vapours |       |       |    38 ||    38
  Use: Scroll            |       |       |     4 ||     4
Armor: Robe              |     2 |     3 |     2 ||     7
Dodge: Dodged            |    11 |    10 |    32 ||    53
Block: Buckler           |     2 |     6 |    29 ||    37
